Map: Proxima Station LE

Players

Elroye - Winner!

  • Race: Zerg Zerg
  • Spawn Location: 1:00

MperorM

  • Race: Terran Terran
  • Spawn Location: 7:00

Event: WCS Valencia 2017

VOD

Have the link to the VOD?

Description

Time

  • Played on: July 13, 2017, 10:44 a.m.
  • Length: 14:33

All games in this series

Show
View Real Time Build Order
Export as new Build Order

Elroye Zerg - Winner!

Build Orders: Hatch First, Muta Ling Bane 

Get SALT Encoding   

  12  0:00  Drone  
  13  0:12  Overlord  
  13  0:18  Drone  
  14  0:31  Drone x2  
  14  0:35  Drone  
  17  0:52  Hatchery  
  17  0:55  Drone  
  17  0:59  Drone  
  18  1:07  Extractor  
  17  1:15  Spawning Pool  
  17  1:17  Drone  
  17  1:20  Drone  
  18  1:28  Drone  
  19  1:39  Overlord  
  19  2:02  Queen, Zergling x4  
  19  2:04  Queen  
  19  2:05  Drone  
  19  2:08  Metabolic Boost  
  26  2:15  Drone  
  27  2:17  Drone  
  27  2:22  Drone  
  29  2:26  Drone  
  30  2:34  Overlord  
  30  2:38  Queen  
  30  2:39  Drone  
  33  2:45  Queen  
  33  2:47  Drone  
  36  2:53  Drone  
  36  2:58  Drone x2  
  39  3:07  Hatchery  
  39  3:11  Overlord  
  38  3:13  Drone  
  38  3:15  Drone  
  38  3:18  Drone  
  41  3:23  Drone x2  
  41  3:25  Drone  
  44  3:29  Queen  
  44  3:34  Queen  
  46  3:38  Overlord  
  46  3:40  Drone  
  49  3:41  Drone  
  49  3:44  Drone  
  49  3:45  Drone  
  52  3:54  Evolution Chamber  
  52  3:55  Evolution Chamber  
  50  4:03  Drone  
  50  4:04  Drone x5  
  50  4:05  Drone x2  
  50  4:09  Extractor  
  57  4:14  Queen  
  59  4:18  Drone  
  59  4:22  Zerg Ground Armor Level 1, Drone  
  59  4:23  Drone x2  
  63  4:26  Queen  
  63  4:29  Overlord  
  65  4:37  Overlord  
  65  4:48  Zergling x2  
  65  4:49  Zergling x14  
  65  4:50  Zerg Melee Weapons Level 1  
  73  4:54  Zergling x2  
  73  4:59  Drone x2  
  76  5:00  Overlord  
  76  5:01  Zergling x4  
  76  5:02  Zergling x4  
  76  5:04  Lair  
  80  5:15  Drone x2  
  80  5:18  Overlord  
  80  5:19  Baneling Nest, Extractor, Drone  
  80  5:20  Drone  
  82  5:27  Drone  
  82  5:28  Drone x2  
  85  5:30  Overlord  
  85  5:31  Zergling x6  
  88  5:47  Zergling x6  
  88  5:48  Drone  
  92  5:50  Extractor  
  92  5:56  Drone  
  92  5:57  Drone  
  92  6:02  Baneling x4  
  92  6:03  Spire  
  91  6:04  Baneling  
  91  6:07  Zergling x20  
  101  6:14  Baneling x3  
  101  6:16  Zergling x2  
  101  6:17  Zergling x2  
  82  6:33  Zergling x20  
  82  6:39  Zerg Ground Armor Level 2  
  91  6:41  Baneling x3  
  91  6:48  Extractor  
  91  6:52  Extractor  
  91  6:53  Drone x6  
  91  6:54  Hatchery, Centrifical Hooks  
  94  7:09  Hatchery  
  92  7:18  Mutalisk  
  92  7:19  Mutalisk  
  92  7:22  Drone x4  
  99  7:23  Drone  
  99  7:24  Drone  
  99  7:25  Drone x4  
  105  7:30  Zerg Flyer Weapons Level 1  
  105  7:33  Overlord x5  
  105  7:35  Baneling x6  
  105  7:36  Zergling x2  
  106  7:42  Overlord  
  106  7:45  Zerg Melee Weapons Level 2  
  106  7:50  Queen, Baneling x2  
  108  7:53  Mutalisk  
  110  7:59  Mutalisk  
  110  8:01  Zergling x16  
  120  8:09  Baneling x2  
  120  8:12  Overseer  
  120  8:14  Pneumatized Carapace  
  120  8:20  Baneling  
  120  8:21  Baneling x2, Zergling x18  
  129  8:27  Queen  
  129  8:28  Drone x4  
  129  8:29  Drone  
  136  8:34  Mutalisk x3  
  136  8:36  Zergling x6  
  136  8:40  Drone x2  
  136  8:41  Drone  
  148  8:43  Baneling x5  
  148  8:45  Zergling x4  
  148  8:46  Zergling x4  
  148  8:50  Baneling  
  148  8:51  Baneling x4  
  127  9:10  Mutalisk x3  
  127  9:13  Zergling x12  
  127  9:14  Zergling x10  
  144  9:19  Mutalisk  
  144  9:21  Drone x2  
  144  9:22  Drone  
  148  9:32  Infestation Pit  
  147  9:43  Mutalisk  
  147  9:44  Mutalisk x2  
  153  9:46  Zergling x14  
  153  9:51  Zergling x4  
  162  9:54  Baneling x3  
  162  9:58  Extractor  
  162  9:59  Zergling x2  
  163  10:00  Zergling x6  
  163  10:01  Overlord  
  163  10:02  Overlord x2  
  164  10:12  Baneling x7  
  160  10:18  Zergling x14  
  139  10:38  Zergling x28  
  139  10:39  Zergling x4  
  139  10:40  Baneling x5  
  139  10:41  Baneling x2  
  141  10:58  Hive, Zergling x2  
  141  10:59  Zergling x20  
  141  11:04  Zergling x2  
  151  11:12  Baneling  
  151  11:13  Mutalisk x3  
  151  11:14  Queen  
  151  11:15  Hatchery  
  158  11:21  Mutalisk x2  
  158  11:23  Zergling x4  
  164  11:27  Baneling x8  
  164  11:29  Zergling x2  
  164  11:30  Zergling x8  
  170  11:40  Zergling x8  
  173  11:48  Zergling x6  
  173  11:49  Zergling x2  
  173  11:50  Zergling x8  
  173  11:51  Overlord x2  
  181  12:05  Zergling x14  
  181  12:06  Hatchery  
  187  12:17  Zergling x14  
  189  12:27  Adrenal Glands  
  189  12:28  Ultralisk Cavern  
  165  12:45  Zergling x2  
  165  12:46  Zergling x28  
  165  12:47  Baneling  
  165  12:48  Baneling x8  
  180  12:53  Queen  
  180  12:57  Zergling x12  
  180  12:58  Zergling x12  
  135  13:31  Ultralisk x6  
  135  13:33  Zergling x14  
  168  13:44  Zergling x2  
  168  13:45  Zergling x14  
  176  13:51  Overseer x2  
  176  13:54  Zergling x8  
  180  14:04  Baneling  
  180  14:05  Baneling x5, Zergling x2  
  180  14:06  Zergling x4  
  183  14:13  Zergling x2  
  183  14:14  Zergling x6  
Show
View Real Time Build Order
Export as new Build Order

MperorM Terran 

Build Orders: Reaper Expand, Bio Mine 

Get SALT Encoding   

  12  0:00  SCV  
  13  0:13  SCV  
  14  0:17  Supply Depot  
  14  0:25  SCV  
  15  0:39  SCV  
  15  0:42  Barracks  
  16  0:51  SCV  
  16  0:52  Refinery  
  17  1:03  SCV  
  18  1:17  SCV  
  19  1:29  Orbital Command  
  19  1:35  Reaper  
  20  1:40  Command Center  
  20  1:50  Barracks  
  20  1:54  SCV  
  21  2:06  SCV, Supply Depot  
  21  2:07  Barracks Reactor  
  22  2:14  Refinery  
  22  2:19  SCV  
  23  2:30  Factory  
  23  2:31  SCV  
  24  2:40  Barracks Tech Lab  
  24  2:44  SCV, Marine x2  
  27  2:52  Orbital Command  
  27  2:56  SCV  
  28  2:58  Marine  
  28  2:59  Stimpack  
  28  3:03  Marine  
  30  3:06  Marine  
  30  3:10  SCV  
  32  3:17  Starport  
  32  3:19  Marine  
  33  3:20  SCV  
  33  3:25  Marine  
  33  3:26  Marine  
  36  3:28  SCV  
  36  3:32  SCV  
  38  3:34  Supply Depot  
  38  3:37  Marine, Factory Reactor  
  38  3:40  SCV  
  40  3:43  Marine x2  
  40  3:45  SCV  
  43  3:53  SCV  
  44  3:55  Marine  
  44  3:59  SCV  
  44  4:00  Supply Depot  
  44  4:01  Marine x2  
  48  4:05  SCV  
  49  4:11  SCV  
  49  4:13  Marine  
  49  4:15  Medivac  
  53  4:19  Marine  
  53  4:21  Armory  
  53  4:22  Marine, Medivac, SCV  
  58  4:24  Supply Depot  
  58  4:26  Hellion  
  60  4:32  SCV  
  60  4:34  Marine  
  62  4:45  Marine x2, SCV x2  
  62  4:47  Supply Depot  
  66  5:00  Hellion x2  
  66  5:05  Supply Depot, Command Center  
  70  5:08  SCV x2, Medivac  
  70  5:09  Marine x2  
  70  5:10  Combat Shields  
  76  5:14  Supply Depot  
  76  5:20  SCV x2  
  78  5:27  Hellion x2  
  82  5:29  Marine x2  
  82  5:30  Marine  
  85  5:37  SCV  
  85  5:39  Starport Reactor  
  85  5:41  SCV, Engineering Bay  
  87  5:43  Engineering Bay, Refinery  
  87  5:49  Hellion  
  89  5:53  SCV  
  89  5:54  Marauder, Marine x2  
  94  5:59  Supply Depot  
  94  6:02  Barracks  
  94  6:11  Terran Infantry Armor Level 1, Terran Infantry Weapons Level 1  
  94  6:16  Barracks  
  94  6:17  SCV x2, Barracks  
  85  6:26  Marauder, Marine x2, Widow Mine x2  
  85  6:29  SCV  
  85  6:32  Medivac x2  
  82  6:33  SCV  
  77  6:43  SCV  
  77  6:46  SCV  
  79  6:48  Marine x2  
  79  6:51  Barracks Reactor  
  79  6:52  Supply Depot  
  81  6:55  SCV, Marine  
  81  6:58  SCV, Orbital Command  
  81  7:01  Widow Mine x2  
  84  7:06  Barracks Reactor  
  84  7:07  Barracks Reactor, SCV  
  89  7:09  Concussive Shells  
  89  7:10  SCV  
  90  7:19  SCV  
  90  7:20  Marauder, Marine x2  
  90  7:22  SCV  
  96  7:24  SCV  
  96  7:26  Command Center  
  96  7:28  Factory  
  96  7:29  Marine x2  
  99  7:31  SCV  
  99  7:32  Refinery  
  99  7:34  SCV  
  101  7:37  Refinery  
  101  7:40  SCV  
  101  7:41  Widow Mine x2  
  101  7:43  Marine x7  
  113  7:46  Liberator x2  
  113  7:47  SCV  
  113  7:48  SCV  
  113  7:50  Supply Depot  
  115  7:52  Marine x2  
  115  7:54  SCV  
  118  8:02  SCV  
  125  8:12  Marine x3  
  126  8:13  Marauder  
  126  8:14  Marine x3  
  126  8:17  Factory Tech Lab  
  126  8:19  Supply Depot  
  133  8:28  Missile Turret x2  
  133  8:29  SCV  
  133  8:30  Missile Turret  
  133  8:35  Liberator  
  133  8:40  Terran Infantry Armor Level 2, Marine x5, SCV  
  133  8:41  SCV x2  
  141  8:51  Terran Infantry Weapons Level 2  
  141  8:52  Marine  
  141  8:53  Supply Depot  
  141  8:54  Widow Mine x2  
  149  8:56  Supply Depot  
  139  9:08  Marine x7  
  139  9:09  Marauder, Thor  
  142  9:11  SCV x2  
  142  9:12  SCV  
  142  9:15  Refinery  
  145  9:18  Supply Depot  
  145  9:23  SCV  
  144  9:27  Marine x2  
  144  9:28  Marine x6  
  144  9:29  SCV x2  
  144  9:30  Marine  
  154  9:31  Supply Depot  
  154  9:32  Supply Depot  
  154  9:34  Supply Depot  
  154  9:35  SCV  
  155  9:38  Widow Mine x2  
  155  9:43  Drilling Claws  
  159  9:48  Marine x6  
  159  9:50  Marine x2  
  159  9:52  Thor  
  171  10:16  Widow Mine x2  
  171  10:17  Marine x2  
  171  10:24  SCV, Marine x4  
  171  10:25  Marine x3  
  170  10:32  SCV x2  
  170  10:35  Marine x2, Widow Mine  
  167  10:36  SCV  
  155  10:44  SCV  
  155  10:45  Widow Mine  
  140  10:55  Marine  
  140  10:56  Marine x8  
  137  10:58  Widow Mine  
  137  10:59  Planetary Fortress  
  137  11:02  Missile Turret x2  
  137  11:03  Thor  
  145  11:07  SCV  
  145  11:10  Terran Infantry Weapons Level 3, Terran Infantry Armor Level 3, SCV  
  133  11:13  Marine x5, Widow Mine  
  143  11:21  Refinery x2  
  143  11:24  Medivac x2  
  144  11:27  Hellbat, Starport  
  144  11:29  Command Center  
  144  11:30  Marine x3  
  144  11:31  Marauder  
  151  11:37  Liberator  
  151  11:43  Hellbat  
  151  11:46  Thor  
  159  11:49  Marine x8  
  159  11:52  Marine  
  168  11:55  Terran Vehicle And Ship Armor Level 1  
  163  12:04  Medivac  
  163  12:07  Marine  
  164  12:10  Marauder  
  164  12:17  Marine x6  
  167  12:25  Widow Mine x2  
  167  12:28  Marine  
  167  12:29  SCV  
  156  12:32  Marauder  
  156  12:36  SCV x2  
  147  12:41  SCV  
  147  12:43  Planetary Fortress  
  148  12:45  Marine x6  
  148  12:46  Missile Turret  
  148  12:48  SCV  
  155  12:51  Thor  
  155  12:53  Marauder  
  155  12:57  Widow Mine  
  155  12:58  Widow Mine  
  167  13:00  Marine x2  
  167  13:02  SCV, Marine  
  167  13:03  Marine x2  
  159  13:11  SCV, Marine x2  
  159  13:12  Marine  
  130  13:14  Marine  
  130  13:16  SCV  
  130  13:19  Marine  
  128  13:20  Marine x2  
  128  13:24  SCV  
  128  13:26  SCV, Widow Mine x2  
  132  13:29  Marine x3  
  132  13:31  SCV  
  132  13:32  Marauder  
  138  13:39  SCV  
  136  13:44  Orbital Command, Missile Turret  
  136  13:46  Marine  
  136  13:47  Marine x2  
  136  14:13  Marine x8  
  136  14:17  SCV  
Tags
 
Add a new tag
Caveats
  • Supply blocks, unpowered buildings, or Contaminate may cause inaccurate times.
  • Supply counts are checked every 10 seconds.